Map: Discord IV

Players

Dahaka - Winner!

  • Race: Zerg Zerg
  • League: Platinum
  • Spawn Location: 9:00

AnechkA - Winner!

  • Race: Zerg Zerg
  • Spawn Location: 11:00

SirJabbaHutt

  • Race: Protoss Protoss
  • Spawn Location: 5:00

Gracz

  • Race: Terran Terran
  • Spawn Location: 5:00

VOD

Have the link to the VOD?

Description

Time

  • Played on: March 7, 2016, 8:46 a.m.
  • Length: 8:13
Show
View Real Time Build Order
Export as new Build Order

Dahaka Zerg - Winner!

Build Orders: Pool First 

Get SALT Encoding   

  12  0:00  Drone  
  13  0:13  Overlord  
  13  0:18  Drone  
  14  0:31  Drone x2  
  14  0:35  Drone  
  17  0:49  Spawning Pool  
  16  0:52  Extractor, Drone  
  16  1:27  Drone x3  
  19  1:36  Hatchery  
  18  1:42  Queen  
  18  1:44  Overlord  
  20  1:52  Drone  
  21  2:04  Metabolic Boost  
  21  2:13  Zergling x4  
  23  2:24  Zergling x2  
  24  2:37  Zergling x2  
  24  2:43  Zergling x2  
  26  2:48  Zergling x2  
  26  2:49  Queen  
  26  2:50  Zergling x4  
  26  2:51  Zergling x2  
  32  3:00  Zergling x2  
  32  3:01  Zergling x2  
  34  3:07  Zergling x2  
  35  3:14  Zergling x2  
  35  3:18  Overlord  
  36  3:35  Overlord x2  
  33  3:42  Zergling x4  
  33  3:43  Zergling x2  
  36  3:54  Zergling x8  
  40  4:02  Lair  
  37  4:12  Zergling x4  
  37  4:13  Zergling x12  
  44  4:27  Zergling x6  
  47  4:35  Zergling x2  
  47  4:44  Zergling x8  
  51  5:01  Zergling x2  
  51  5:02  Zergling x12  
  58  5:44  Spire, Drone  
  58  5:45  Overlord x4  
  60  6:11  Extractor, Drone x4  
  60  6:12  Extractor  
  60  6:13  Drone  
  60  6:14  Drone x3  
  64  6:51  Overlord  
  64  6:52  Drone x3  
  67  6:58  Overlord x3  
  67  7:00  Mutalisk x4  
  67  7:01  Mutalisk  
  77  7:09  Drone x2  
  79  7:20  Mutalisk  
  81  7:28  Mutalisk  
Show
View Real Time Build Order
Export as new Build Order

AnechkA Zerg - Winner!

Build Orders: Hatch First 

Get SALT Encoding   

  12  0:01  Drone  
  13  0:08  Drone  
  14  0:15  Extractor, Drone  
  15  0:22  Overlord  
  15  0:50  Drone  
  15  0:51  Hatchery  
  15  0:53  Drone  
  16  1:00  Drone  
  17  1:12  Drone  
  17  1:13  Drone  
  19  1:19  Spawning Pool  
  19  1:25  Drone  
  19  1:36  Drone  
  20  1:45  Drone  
  21  1:58  Overlord  
  21  2:04  Drone  
  21  2:08  Queen x2  
  22  2:10  Zergling x2  
  22  2:15  Zergling x2  
  28  2:17  Zergling x2  
  29  2:24  Drone  
  30  2:35  Drone  
  31  2:39  Drone x2  
  31  2:43  Queen  
  33  2:49  Overlord  
  35  2:54  Extractor, Queen  
  35  2:56  Extractor, Overlord  
  35  3:00  Drone  
  36  3:09  Drone x2  
  38  3:13  Drone  
  38  3:17  Drone  
  40  3:20  Drone  
  41  3:30  Drone  
  41  3:31  Drone  
  42  3:37  Hatchery  
  42  3:40  Drone  
  42  3:43  Drone  
  42  3:47  Queen x2  
  47  3:50  Metabolic Boost  
  46  3:57  Drone  
  46  3:58  Drone x3  
  46  4:00  Drone  
  46  4:01  Drone  
  51  4:05  Drone  
  51  4:07  Overlord  
  52  4:11  Overlord  
  52  4:27  Drone  
  52  4:28  Lair  
  52  4:29  Drone x2  
  52  4:30  Spore Crawler  
  54  4:31  Spore Crawler  
  54  4:33  Drone  
  54  4:35  Drone x2  
  54  4:38  Drone  
  57  4:42  Drone x2  
  59  4:47  Overlord  
  59  4:53  Drone x2  
  59  4:58  Drone x5  
  66  5:04  Drone x2  
  66  5:05  Drone x2  
  70  5:11  Extractor x2  
  70  5:12  Drone x2  
  70  5:13  Drone  
  71  5:23  Drone x2  
  71  5:27  Spore Crawler  
  71  5:28  Extractor x2, Drone x3  
  73  5:33  Overlord  
  73  5:34  Overlord x2  
  73  5:37  Spire  
  72  5:54  Overlord x2  
  72  6:16  Overlord  
  72  6:17  Overlord x2  
  72  6:20  Hatchery  
  72  6:23  Overlord x2  
  71  6:45  Extractor  
  70  6:47  Hatchery  
  70  6:49  Mutalisk x13, Extractor  
  94  6:57  Drone  
  94  6:58  Drone x4  
  100  7:01  Drone  
  100  7:10  Drone x4  
  100  7:12  Drone x2  
  106  7:21  Mutalisk x4  
  114  7:32  Mutalisk x2  
  118  7:49  Mutalisk  
  122  7:54  Overlord x3  
Show
View Real Time Build Order
Export as new Build Order

SirJabbaHutt Protoss 

Build Orders:  

Get SALT Encoding   

  12  0:16  Probe (Chrono Boost)  
  13  0:26  Probe (Chrono Boost)  
  14  0:37  Probe (Chrono Boost)  
  15  1:02  Pylon  
  15  1:07  Pylon  
  15  1:11  Pylon  
  15  1:14  Pylon  
  15  1:20  Probe (Chrono Boost)  
  16  1:31  Probe (Chrono Boost)  
  17  1:33  Gateway  
  17  1:41  Probe (Chrono Boost)  
  18  2:02  Gateway  
  18  2:09  Assimilator  
  18  2:17  Assimilator  
  18  2:26  Forge  
  18  2:43  Cybernetics Core  
  18  3:02  Photon Cannon  
    4:26  Probe (Chrono Boost)  
  1  4:37  Probe (Chrono Boost)  
  2  4:47  Pylon  
  3  5:25  Pylon  
Show
View Real Time Build Order
Export as new Build Order

Gracz Terran 

Build Orders:  

Get SALT Encoding   

  12  0:02  SCV  
  13  0:14  SCV  
  14  0:26  SCV  
  15  0:32  Supply Depot  
  15  0:37  Supply Depot  
  15  0:38  Refinery  
  15  0:58  Refinery, SCV  
  16  1:10  SCV  
  17  1:13  Barracks  
  17  1:22  SCV  
  18  1:36  Barracks  
  18  1:56  Barracks  
  18  1:59  Barracks  
  18  2:05  Engineering Bay  
  18  2:11  Orbital Command  
  18  2:15  Barracks Reactor  
  18  2:33  Barracks Reactor  
  18  2:39  SCV  
  19  2:51  Barracks Reactor, SCV  
  19  2:52  Barracks Reactor  
  22  3:05  Barracks Reactor x2  
  20  3:06  Barracks Reactor  
  20  3:22  Marine x2  
  22  3:40  Marine x2  
  24  3:42  Marine x2  
  24  3:45  Marine x4  
  30  3:58  Marine  
  31  4:03  Marine  
  31  4:08  Marine  
  27  4:12  Marine x5  
  27  4:15  Marine  
  27  4:26  Marine  
  27  4:29  Marine  
  27  4:30  Marine x3  
    7:06  Orbital Command  
    7:32  SCV  
Tags
 
Add a new tag
Caveats
  • Supply blocks, unpowered buildings, or Contaminate may cause inaccurate times.
  • Supply counts are checked every 10 seconds.